 Dungeon Crawl Stone Soup version 0.24-a0-479-g9a978d2894 (webtiles) character file.

Game seed: 16630093838515814584

116 Azzok the Magician (level 4, -1/24 HPs)
             Began as a Deep Elf Earth Elementalist on July 6, 2019.
             Slain by Grinder (5 damage)
             ... on level 4 of the Dungeon.
             The game lasted 00:02:49 (2840 turns).

Azzok the Magician (Deep Elf Earth Elementalist)    Turns: 2840, Time: 00:02:50

Health: -1/24      AC:  2    Str:  5    XL:     4   Next: 70%
Magic:  6/12       EV: 13    Int: 21    God:
Gold:   153        SH:  0    Dex: 15    Spells: 8/12 levels left

rFire    . . .     SeeInvis .   (no weapon)
rCold    . . .     Gourm    .   (no shield)
rNeg     . . .     Faith    .   c - +0 robe
rPois    .         Spirit   .   (no helmet)
rElec    .         Reflect  .   (no cloak)
rCorr    .         Harm     .   (no gloves)
MR       .....                  (no boots)
Stlth    +++.......             (no amulet)
HPRegen  0.08/turn              h - ring of stealth
MPRegen  0.13/turn              (no ring)

@: no status effects
A: no striking features
a: no special abilities


You were on level 4 of the Dungeon.
You were not hungry.

You visited 1 branch of the dungeon, and saw 4 of its levels.

You collected 153 gold pieces.

Inventory:

Missiles
 b - 178 stones (quivered)
Armour
 c - a +0 robe (worn)
 e - a +0 buckler
Jewellery
 h - a ring of stealth (left hand)
Scrolls
 g - 5 scrolls of identify {unknown}
 i - 3 scrolls of enchant armour {unknown}
 j - 2 scrolls of fear {unknown}
 m - 3 scrolls of amnesia {unknown}
 p - 2 scrolls of magic mapping {unknown}
 q - a scroll of remove curse {unknown}
Potions
 a - a potion of invisibility {unknown}
 f - a potion of brilliance {unknown}
 k - a potion of mutation {unknown}
 l - 2 potions of flight {unknown}
 n - a potion of curing {unknown}
Comestibles
 d - 8 rations


   Skills:
 - Level 2.4 Dodging
 - Level 2.4 Stealth
 + Level 4.8 Spellcasting
 + Level 1.8 Conjurations
   Level 1.1 Transmutations
 + Level 4.6 Earth Magic


You had 8 spell levels left.
You knew the following spells:

 Your Spells              Type           Power        Failure   Level  Hunger
a - Sandblast             Erth           ###...       1%          1    None
b - Stone Arrow           Conj/Erth      ###...       9%          3    ##.....

Your spell library contained the following spells:

 Spells                   Type           Power        Failure   Level  Hunger
 Passwall                 Tmut/Erth      ###.....     4%          2    None
 Petrify                  Tmut/Erth      ###.....     32%         4    ####...
 Lee's Rapid Deconstruct  Erth           ###.......   41%         5    #####..


Dungeon Overview and Level Annotations

Branches:
Dungeon (4/15)
 Temple: D:4-7

Altars:
Gozag
Hepliaklqana
Wu Jian
Xom

Annotations:
D:4 Grinder


Message History

Unknown command.
Unknown command.
Unknown command.
Unknown command.
Unknown command.
Unknown command.
Unknown command.
Found a plate armour.
Grinder is too close now for your liking.
Casting: Sandblast (safe; 1% risk of failure)
Confirm with . or Enter, or press ? or * to list all spells.
Aiming: Sandblast (safe; 1% risk of failure)
Press: ? - help, Shift-Dir - straight line, f/p - Grinder
Aim: Grinder (severely wounded)
The blast of sand misses Grinder.
b - 178 stones Grinder hits you!
* * * LOW HITPOINT WARNING * * *
You writhe in agony.
You die...

▒§ ▒▒·····▒▒········▒
▒··▒·······▒········▒▒▒
▒·▒·······▒··········▒
·)···_··············▒
▒·······▒··········▒
▒·······▒··········▒
▒·····▒▒··········'
▒▒··▒▒▒▒5▒▒▒▒··········▒
····!··@·············▒·▒
·▒▒▒▒▒·▒▒·········▒▒·▒·▒
▒· ▒·········▒▒·▒·▒ ▒·
▒·········▒▒·▒╬▒ ··
▒·········▒··· ▒[
▒▒▒▒▒▒▒▒▒▒▒··· ▒· ··· ▒·


You could see Grinder.

Vanquished Creatures
  2 gnolls (D:4)
  2 adders (D:3)
  3 worms (D:3)
  3 dart slugs
  A leopard gecko (D:3)
  10 goblins
  9 hobgoblins
  9 jackals
  6 kobolds
  A quokka (D:2)
  9 bats
  2 frilled lizards
  4 rats
61 creatures vanquished.

Notes
Turn   | Place    | Note
-------+----------+-------------------------------------------
     0 | D:1      | Azzok the Deep Elf Earth Elementalist began the quest for
                  | the Orb.
     0 | D:1      | Reached XP level 1. HP: 10/10 MP: 6/6
   171 | D:1      | Reached XP level 2. HP: 15/15 MP: 4/8
   394 | D:1      | Found a burning altar of Makhleb.
   396 | D:1      | Found an opulent altar of Gozag.
   396 | D:1      | Found an ornate altar of the Wu Jian Council.
   399 | D:1      | Found an iron altar of Okawaru.
   399 | D:1      | Found a hazy altar of Hepliaklqana.
   399 | D:1      | Found a shimmering altar of Xom.
   803 | D:2      | Reached XP level 3. HP: 17/19 MP: 5/10
   883 | D:2      | Learned a level 3 spell: Stone Arrow
  1718 | D:3      | Reached skill level 1 in Conjurations
  1854 | D:3      | Reached XP level 4. HP: 24/24 MP: 1/12
  2431 | D:3      | Found a faded altar of an unknown god.
  2810 | D:4      | Found a hazy altar of Hepliaklqana.
  2817 | D:4      | Noticed Grinder
  2821 | D:4      | Paralysed by Grinder for 7 turns
  2840 | D:4      | Slain by Grinder

Levels and vault maps discovered:
D:1:      psy_arrival_statuary, layout_basic, minmay_misc_feat_enclosed,
          doesnt_xom_only_xom
D:2:      layout_basic, first_ration, minmay_cut_off
D:3:      layout_rooms, chequers_ecumenical_altar_lobes, minmay_misc_feat_x
D:4:      layout_basic, old_standard_altar, gup_sewer_entry_pipe, uniq_grinder

Skill      XL: |  1  2  3 |
---------------+----------+-----
Spellcasting   | 4 |  4.8
Earth Magic    | 4 |  4.6
Conjurations   | 1 |  1.8
Dodging        | |  2.4
Stealth        | |  2.4
Transmutations | |  1.1

Action                   |  1- 3 |  4- 6 || total
-------------------------+-------+-------++-------
Melee: Unarmed           |     8 |     7 ||    15
 Cast: Sandblast         |    41 |    11 ||    52
       Stone Arrow       |    17 |    14 ||    31
  Eat: Chunk             |     4 |     4 ||     8
Armor: Robe              |     6 |     2 ||     8
Dodge: Dodged            |    24 |     4 ||    28

Table legend:
 A = Non-vault XP
 B = Vault XP
 C = Vault XP percentage of total XP
 D = Non-vault monster count
 E = Vault monster count
 F = Vault count percentage of total count
                 A         B        C        D         E       F
            +---------+---------+-------+---------+---------+-------
      Total |     160 |       7 |   4.2 |      57 |       4 |   6.6
            +---------+---------+-------+---------+---------+-------
        D:1 |      31 |       0 |   0.0 |      19 |       0 |   0.0
        D:2 |      31 |       7 |  18.4 |      17 |       4 |  19.0
        D:3 |      69 |       0 |   0.0 |      19 |       0 |   0.0
        D:4 |      29 |       0 |   0.0 |       2 |       0 |   0.0
            +---------+---------+-------+---------+---------+-------
